 Dungeon Crawl Stone Soup version 0.30.0-17-ge0270778cf (webtiles) character file.

Game seed: 4088625114201961047

3815 Kenran the Cleaver (level 10, -14/72 (76) HPs)
             Began as a Formicid Fighter on May 21, 2023.
             Was an Initiate of Wu Jian.
             Demolished by a two-headed ogre
             ... wielding a +0 giant spiked club
              (19 damage)
             ... on level 8 of the Dungeon.
             The game lasted 00:12:09 (7057 turns).

Kenran the Cleaver (Formicid Fighter)               Turns: 7057, Time: 00:12:09

HP:   -14/72 (76)   AC: 13    Str: 25    XL:     10   Next: 40%
MP:   10/10         EV:  8    Int:  8    God:    Wu Jian [......]
Gold: 111           SH:  5    Dex: 17    Spells: 9/9 levels left

rFire   . . .        a - +0 battleaxe
rCold   + . .        c - +0 buckler
rNeg    + . .        f - +0 chain mail
rPois   .            (helmet unavailable)
rElec   .            (no cloak)
rCorr   .            (no gloves)
SInv    +            e - +2 pair of boots {rampage}
Will    ++...        u - amulet of regeneration Stlth
                     A - ring of the Clam {rC+ rN+ Will+ Dex+4}
HPRegen 1.12/turn    (no ring)
MPRegen 0.12/turn

%: rampage
@: drained
A: permanent stasis, dig shafts and tunnels, antennae 3, four strong arms
a: Dig, Shaft Self, Renounce Religion


You were on level 8 of the Dungeon.
You worshipped Wu Jian.
Wu Jian was noncommittal.
You visited 2 branches of the dungeon, and saw 9 of its levels.

You collected 1119 gold pieces.
You spent 1008 gold pieces at shops.

Inventory:

Hand Weapons
 a - a +0 battleaxe (weapon)
 o - the +6 mace of the Pits of Slime {flame, rElec Str+3 Int+5}
   (You found it on level 4 of the Dungeon)

   Str:       It affects your strength (+3).
   Int:       It affects your intelligence (+5).
   rElec:     It insulates you from electricity.
Armour
 c - a +0 buckler (worn)
 e - a +2 pair of boots of rampaging (worn)
 f - a +0 chain mail (worn)
Jewellery
 m - a ring of ice
 u - an amulet of regeneration (around neck)
 A - the ring of the Clam (left hand) {rC+ rN+ Will+ Dex+4}
   (You bought it in a shop on level 3 of the Dungeon)

   [ring of willpower]

   Dex:       It affects your dexterity (+4).
   rC:        It protects you from cold.
   rN:        It protects you from negative energy.
   Will:      It increases your willpower.
Wands
 b - a wand of digging (2)
 d - a wand of flame (24)
 y - a wand of polymorph (12)
 C - a wand of paralysis (6)
Scrolls
 g - a scroll of enchant weapon
 j - 4 scrolls of fog
 k - 2 scrolls of immolation {!r}
 n - 2 scrolls of poison {!r}
 p - 2 scrolls of teleportation {unknown}
 q - 3 scrolls of fear
 r - a scroll of brand weapon {unknown}
 s - a scroll of enchant armour {unknown}
 t - 2 scrolls of magic mapping {unknown}
 v - a scroll of torment {unknown}
 w - a scroll of summoning {unknown}
 x - 2 scrolls of amnesia {unknown}
 B - a scroll of noise {unknown}
 D - a scroll of blinking {unknown}
Potions
 h - 3 potions of curing {@q1}
 i - 3 potions of mutation {!q}
 l - 2 potions of attraction {!q}
 z - a potion of magic {unknown}
 E - a potion of brilliance {unknown}


   Skills:
 - Level 6.0 Fighting
 + Level 12.8 Axes
 + Level 6.1 Armour
 - Level 4.0 Shields


You had 9 spell levels left.
You didn't know any spells.
Your spell library contained the following spells:

 Spells                   Type           Power      Damage    Failure   Level
 Freeze                   Ice            0%         1d3       94%         1
 Ensorcelled Hibernation  Hex/Ice        0%         N/A       98%         2
 Passwall                 Tmut/Erth      0%         N/A       98%         2
 Frozen Ramparts          Ice            0%         1d1       100%        3
 Hailstorm                Conj/Ice       0%         3d3       100%        3
 Swiftness                Air            Unusable   N/A       N/A         3

Dungeon Overview and Level Annotations

Branches:
Dungeon (8/15)             Temple (1/1) D:6
   Lair: D:8-11

Altars:
Cheibriados
Dithmenos
Elyvilon
Gozag
Hepliaklqana
Kikubaaqudgha
Makhleb
Okawaru
Qazlal
Ru
Sif Muna
Trog
Uskayaw
Vehumet
Wu Jian
Xom
Zin
The Shining One

Shops:
D:3 =*=*   D:4 [   D:6 *   D:7 (

Annotations:
D:4 1 runed translucent door, Crazy Yiuf
D:6 3 runed translucent doors, fedoskokos's ghost, novice GrEE


Innate Abilities, Weirdness & Mutations

You cannot be hasted, slowed, berserked, paralysed or teleported.
You can dig through walls and to a lower floor.
You have a pair of large antennae on your head. (SInv)
Your four strong arms can wield two-handed weapons with a shield.


Message History

You retract your mandibles.
You slice the wyvern!!
You kill the wyvern!
The Council accepts your kill.
You feel sick.
You feel sick.
The kobold brigand throws a poisoned dart.
You block the poisoned dart.
You feel sick.
You start resting.
You feel sick. x2
A two-headed ogre is nearby!
You slice the two-headed ogre!!
The two-headed ogre is heavily wounded.
You feel sick.
The two-headed ogre hits you with a +0 giant spiked club.
The two-headed ogre barely misses you.
You barely miss the two-headed ogre.
The two-headed ogre is moderately wounded.
You feel sick.
You are no longer poisoned.
The two-headed ogre hits you with a +0 giant spiked club!!
The two-headed ogre hits you with a +0 giant club!!
* * * LOW HITPOINT WARNING * * *
You are too injured to fight recklessly!
Okay, then.
Aiming: Paralyse
Press: ? - help, Shift-Dir - straight line, f - two-headed ogre
Aim: a two-headed ogre, wielding a +0 giant spiked club and a +0 giant club (moderately wounded, chance to affect: 31%)
Okay, then.
Okay, then.
You slash the two-headed ogre!
The two-headed ogre is severely wounded.
The two-headed ogre hits you with a +0 giant spiked club!
* * * LOW HITPOINT WARNING * * *
The two-headed ogre hits you but does no damage.
You barely miss the two-headed ogre.
The two-headed ogre is severely wounded.
You hit the two-headed ogre.
The two-headed ogre is severely wounded.
The two-headed ogre hits you with a +0 giant spiked club!!
You die...

.###.##.##.....#.▓▓{.▓▓▓...### #
..⚱#.##.#........▓)▓▓▓...#.# #
≣..#.....................#.######
≣.##.............................
...#...#.........####...##.##.#.#
#.ॻ###.##......{## ##.###.##.#.#
#### #.###.....#{## #...##.##.#.#
#.# #.# ##...###O###...##.##.#.#
#.####.# ##)###@##........##.#.#
.......# #.# ####.........#....
#.###### #.# #........##....
#.##########.## ###...######.##
#.............## #...# #.##
##########.....## ##.## #.##
#......# #.# #.## #....#.######.#
#... ####..........# ####


You could see a two-headed ogre.

Vanquished Creatures
  2 trolls (D:7)
  A hornet (D:8)
  Sigmund (D:5)
  A wyvern (D:8)
  Edmund (D:4)
  A water moccasin (D:5)
  A black bear (D:5)
  3 orc warriors (D:8)
  2 ice beasts (D:7)
  A sky beast (D:6)
  2 ogres
  A centaur (D:6)
  A kobold brigand (D:6)
  6 bullfrogs
  3 scorpions
  A wight (D:8)
  2 howler monkeys
  A crimson imp (D:7)
  A hound (D:7)
  2 jellies
  5 orc priests
  A gnoll bouda (D:6)
  3 sleepcaps
  Terence (D:2)
  3 iguanas
  10 orc wizards
  8 gnolls
  6 adders
  A shadow imp (D:6)
  A white imp (D:6)
  An ufetubus (D:5)
  3 worms
  2 dart slugs
  29 orcs
  6 endoplasms
  4 giant cockroaches
  8 goblins
  6 hobgoblins
  7 jackals
  4 quokkas
  6 ball pythons
  9 bats
  3 frilled lizards (D:1)
  7 kobolds
  5 rats
173 creatures vanquished.

Notes
Turn   | Place    | Note
-------+----------+-------------------------------------------
     0 | D:1      | Kenran the Formicid Fighter began the quest for the Orb.
     0 | D:1      | Reached XP level 1. HP: 18/18 MP: 1/1
    89 | D:1      | Reached XP level 2. HP: 24/24 MP: 2/2
    99 | D:1      | Reached skill level 3 in Axes
   192 | D:1      | Reached XP level 3. HP: 29/29 MP: 3/3
   570 | D:2      | Reached skill level 4 in Axes
   570 | D:2      | Reached XP level 4. HP: 30/35 MP: 4/4
   639 | D:2      | Noticed Terence
   644 | D:2      | Killed Terence
   761 | D:2      | Found an opulent altar of Gozag.
  1048 | D:3      | Reached XP level 5. HP: 41/41 MP: 5/5
  1055 | D:3      | Found Yfoxux's General Store.
  1056 | D:3      | Found Poukesak's Jewellery Shoppe.
  1098 | D:3      | Bought a scroll of identify for 24 gold pieces
  1098 | D:3      | Bought a scroll of identify for 24 gold pieces
  1098 | D:3      | Identified a scroll of acquirement
  1100 | D:3      | Acquired 589 gold pieces
  1172 | D:3      | Found Aprof's Jewellery Emporium.
  1272 | D:3      | Found Todubloph's General Store.
  1287 | D:3      | Reached skill level 5 in Axes
  1628 | D:3      | Reached XP level 6. HP: 35/47 MP: 6/6
  1860 | D:4      | Identified the +6 mace of the Pits of Slime {flame, rElec
                  | Str+3 Int+5}
  1965 | D:4      | Noticed Edmund
  1973 | D:4      | Killed Edmund
  1974 | D:4      | Reached skill level 6 in Axes
  2079 | D:4      | Reached XP level 7. HP: 24/52 MP: 7/7
  2219 | D:4      | Found Poinas's Armour Shop.
  2225 | D:4      | Reached skill level 7 in Axes
  2402 | D:4      | Bought a +0 pair of boots for 63 gold pieces
  2625 | D:4      | Found a radiant altar of Vehumet.
  2683 | D:4      | Found an ancient bone altar of Kikubaaqudgha.
  2692 | D:4      | Found a shimmering blue altar of Sif Muna.
  2703 | D:4      | Reached skill level 8 in Axes
  2809 | D:4      | Found a runed translucent door.
  2810 | D:4      | Noticed Crazy Yiuf
  2843 | D:5      | Entered Level 5 of the Dungeon
  2883 | D:5      | Found a hide-covered altar of Uskayaw.
  3074 | D:5      | Noticed a water moccasin
  3092 | D:5      | Killed a water moccasin
  3093 | D:5      | Reached XP level 8. HP: 18/58 MP: 8/8
  3287 | D:5      | Noticed Sigmund
  3308 | D:5      | Killed Sigmund
  3309 | D:5      | Reached skill level 9 in Axes
  3725 | D:5      | Reached skill level 10 in Axes
  4151 | D:6      | Found a runed translucent gate.
  4151 | D:6      | Found a runed translucent gate.
  4155 | D:6      | Noticed a cyclops
  4156 | D:6      | Noticed fedoskokos's ghost (novice GrEE)
  4300 | D:3      | Bought an amulet of regeneration for 330 gold pieces
  4571 | D:6      | Reached XP level 9. HP: 34/63 MP: 9/9
  4651 | D:6      | Found Aqohiov's Lightly-Used Armoury.
  4672 | D:6      | Found a bloodstained altar of Trog.
  4674 | D:6      | Reached skill level 11 in Axes
  4821 | D:6      | Found a runed translucent gate.
  4858 | D:6      | Found a staircase to the Ecumenical Temple.
  4901 | Temple   | Entered the Ecumenical Temple
  5149 | D:7      | Found Bukiprecab's Weapon Emporium.
  5162 | D:7      | Noticed a troll
  5287 | D:3      | Bought the ring of the Clam {rC+ rN+ Will+ Dex+4} for 567
                  | gold pieces
  5481 | D:7      | Reached skill level 12 in Axes
  5526 | D:7      | Killed a troll
  5527 | D:7      | Reached skill level 5 in Fighting
  5778 | D:7      | Noticed a troll
  5791 | D:7      | Killed a troll
  5889 | D:7      | Found a burning altar of Makhleb.
  5896 | D:7      | Reached XP level 10. HP: 76/76 MP: 10/10
  6341 | D:8      | Found a glowing silver altar of Zin.
  6383 | D:8      | Reached skill level 5 in Armour
  6947 | D:8      | Found a white marble altar of Elyvilon.
  6953 | D:8      | Found a shimmering altar of Xom.
  6955 | D:8      | Found an ornate altar of the Wu Jian Council.
  6956 | D:8      | Found a hazy altar of Hepliaklqana.
  6962 | D:8      | Became a worshipper of the Wu Jian Council
  7040 | D:8      | Noticed a two-headed ogre
  7055 | D:8      | HP: 3/72 [two-headed ogre/+0 giant spiked club (15)]
  7057 | D:8      | Demolished by a two-headed ogre

Illustrated notes

Levels and vault maps discovered:
D:1:      zelgadis_glass_arrival_small, layout_rooms, minmay_pentomino_q2
D:2:      layout_basic, basic_altar, minmay_misc_feat_room,
          nicolae_concentric_dashed_squares_mild, uniq_terence
D:3:      layout_loops_cross, serial_shops, shop_coins, shop, shop,
          nicolae_shop_tiny_glass
D:4:      layout_loops_ring, palyth_temple_overflow_mages, serial_shops,
          nicolae_shop_tiny_waterfront, item_on_display_a,
          uniq_crazy_yiuf_cottage, uniq_edmund
D:5:      layout_basic, mainiacjoe_overflow_alcove_1, uniq_sigmund
D:6:      layout_loops_ring, mainiacjoe_overflow_six_doors_small, temple_hall,
          gammafunk_ghost_split, columned_hall_lemuel, minmay_shop_damaged,
          nrook_campfire
D:7:      nicolae_BIG_FREAKIN_CUBE, layout_gridville, makhleb_grotto_becter,
          serial_shops, nicolae_shop_trees
D:8:      minmay_the_grid_triangle_9x9_rhombus_full
          [minmay_the_grid_triangle_9x9_cache,
          minmay_the_grid_triangle_9x9_dagger,
          minmay_the_grid_triangle_9x9_negative_grid,
          minmay_the_grid_triangle_9x9_sparse_checkered,
          minmay_the_grid_triangle_9x9_swiss_cheese,
          minmay_the_grid_triangle_9x9_alien,
          minmay_the_grid_triangle_9x9_pentomino_pain,
          minmay_the_grid_triangle_9x9_prize_special], layout_loops_corners,
          zin_scriptorium, mainiacjoe_overflow_alcove_3,
          mainiacjoe_overflow_alcove_4
Temple:   nicolae_temple_ecumenical_triangle

Skill      XL: |  1  2  3  4  5  6  7  8  9 10 |
---------------+-------------------------------+-----
Axes           | 3 4 5 6 8 10 12 | 12.8
Fighting       | 6 |  6.0
Armour         | 6 |  6.1
Shields        | |  4.0

Action                     |  1- 3 |  4- 6 |  7- 9 | 10-12 || total
---------------------------+-------+-------+-------+-------++-------
  Melee: War axe           |    85 |    27 |       |       ||   112
         Battleaxe         |       |   114 |   239 |   110 ||   463
Ability: Dig               |       |       |     1 |     1 ||     2
    Use: Scroll            |     3 |     5 |     2 |     1 ||    11
         Potion            |       |     1 |     3 |       ||     4
   Stab: Invisible         |       |       |     5 |       ||     5
 Armour: Chain mail        |    45 |    64 |   152 |    33 ||   294
         Scale mail        |     5 |       |       |       ||     5
  Dodge: Dodged            |    34 |    53 |    83 |    38 ||   208
  Block: Buckler           |    23 |    34 |    60 |    19 ||   136
